AoeStats
← Zephyr.H

Nomad

510444199Analyzed
2v2 RM · 11h ago on Oct 1, 2026· 58m 30s· 4 players
Game mode
Random Map
Map size
176×176
Population
200
Speed
Normal
Resources
Standard
Victory
Conquest
Starting age
Dark Age
Ending age
Imperial Age
RankedLock teamsTeams togetherTeam positionsShared explorationLock speedFull tech treeHidden civsTurbo modeCheats
Victory
Defeat
🇲🇽 Teutons · Mexico
909
+18
🇨🇴 Dravidians · Colombia
909
+18
🇺🇸 Britons · United States
949
-53
🇨🇳 Cumans · China
948
-18
Addeos
13:40 Feudal Age
14:55 Fishing Lines
18:07 Wheelbarrow
21:38 Castle Age
25:22 Wheelbarrow
24:55 Double-Bit Axe
25:23 Gillnets
27:36 Hand Cart
30:10 Horse Collar
32:48 Loom
38:36 Imperial Age
37:19 Heavy Plow
41:30 Forging
41:59 Careening
42:05 Elite Urumi Swordsman
44:03 Iron Casting
43:38 Scale Mail Armor
45:37 Conscription
46:20 Blast Furnace
45:26 Scale Barding Armor
45:40 Chain Mail Armor
49:15 Wootz Steel
49:28 Plate Mail Armor
51:48 Gold Mining
52:12 Bow Saw
52:47 Fletching
52:48 Arrowslits
53:24 Ballistics
54:04 Chemistry
53:47 Gambesons
54:02 Squires
53:49 Arson
55:14 Caravan
56:07 Stone Mining
57:30 Bodkin Arrow
Slidhane
17:18 Feudal Age
20:53 Castle Age
18:44 Double-Bit Axe
18:46 Horse Collar
22:14 Pikeman
24:02 Heavy Plow
31:54 Wheelbarrow
34:19 Loom
36:41 Hand Cart
43:07 Bloodlines
43:01 Stone Mining
46:03 Imperial Age
44:09 Bow Saw
45:55 Scale Barding Armor
47:36 Hoardings
48:21 Chain Barding Armor
48:41 Cavalier
50:57 Town Watch
50:43 Elite Teutonic Knight
51:48 Ironclad
52:31 Plate Barding Armor
51:40 Onager
51:54 Cavalier
55:12 Siege Onager
56:39 Forging
56:30 Scale Mail Armor
BennettBMW
13:49 Feudal Age
29:57 Castle Age
32:53 Crossbowman
38:52 Scale Barding Armor
38:41 Fletching
38:54 Padded Archer Armor
43:11 Wheelbarrow
45:05 Bodkin Arrow
45:22 Forging
45:35 Chain Barding Armor
50:14 Imperial Age
50:25 Cavalier
53:14 Hand Cart
52:30 Arbalester
Zephyr.H
9:51 Loom
16:01 Feudal Age
25:08 Castle Age
24:30 Wheelbarrow
23:52 Double-Bit Axe
27:44 Scale Barding Armor
27:50 Forging
27:57 Bloodlines
30:27 Fishing Lines
31:51 Chain Barding Armor
32:06 Iron Casting
31:21 Fletching
33:53 Medium Warships
36:49 Stone Mining
36:52 Gold Mining
40:05 Imperial Age
38:18 Town Watch
41:48 Conscription
41:48 Pikeman
42:29 Squires
42:15 Arson
42:27 Capped Ram
43:23 Halberdier
43:34 Halberdier
46:41 Gold Shaft Mining
45:39 Siege Ram
52:22 Gillnets
52:50 Onager
53:13 Light Cavalry
Connection lost

Rejoining the realm…

Still unreachable

The connection could not be restored.

Session expired

The server has moved on; the page needs a fresh start.